 Dungeon Crawl Stone Soup version 0.30-a0-341-g682706514a (webtiles) character file.

Game seed: 7575875804499310202

63 nomadicburrito the Magician (level 4, 30/31 HPs)
             Began as a Djinni Summoner on Nov 2, 2022.
             Quit the game on level 2 of the Dungeon on May 19, 2023.
             The game lasted 00:12:47 (1015 turns).

nomadicburrito the Magician (Djinni Summoner)       Turns: 1015, Time: 00:12:47

Health: 30/31      AC:  2    Str:  9    XL:     4   Next: 30%
Gold:   61         EV: 13    Int: 16    God:
                   SH:  0    Dex: 14

rFire   + + .      SeeInvis .    (no weapon)
rCold   x . .      Faith    .    (no shield)
rNeg    . . .      Spirit   .    a - +0 robe
rPois   ∞          Reflect  .    (no helmet)
rElec   .          Harm     .    (no cloak)
rCorr   .          Rampage  .    (no gloves)
Will    .....                    (boots unavailable)
Stlth   ++........               (no amulet)
HPRegen 0.25/turn                (no ring)
MPRegen 0.00/turn                (no ring)

@: flying
A: sickness immunity, fire resistance 2, cold vulnerability 1, float, innate
caster, HP casting, extra vitality 1
a: no special abilities


You were on level 2 of the Dungeon.
You visited 1 branch of the dungeon, and saw 2 of its levels.

You collected 61 gold pieces.

Inventory:

Armour
 a - a +0 robe (worn)
 h - a +0 leather armour
Scrolls
 c - a scroll of amnesia {unknown}
 d - a scroll of vulnerability {unknown}
 e - 2 scrolls of teleportation {unknown}
 i - a scroll of silence {unknown}
 j - 4 scrolls of identify {unknown}
 o - a scroll of poison {unknown}
Potions
 b - a potion of degeneration {unknown}
 f - a potion of attraction {unknown}
 g - 4 potions of curing {unknown}
 k - a potion of flight {unknown}
 l - a potion of heal wounds {unknown}
 m - a potion of cancellation {unknown}
 n - a potion of brilliance {unknown}


   Skills:
 + Level 2.9 Dodging
 + Level 2.3 Stealth
 * Level 3.9 Spellcasting


You couldn't memorise any spells.
You knew the following spells:

 Your Spells              Type           Power      Damage    Failure   Level
a - Summon Small Mammal   Summ           60%        N/A       3%          1
b - Call Imp              Summ           15%        N/A       5%          2
c - Call Canine Familiar  Summ           15%        N/A       11%         3
d - Summon Guardian Gole  Hex/Summ       15%        N/A       11%         3
e - Summon Lightning Spi  Summ/Air       15%        N/A       34%         4
f - Shock                 Conj/Air       60%        1d6       3%          1
Your spell library was empty.

Dungeon Overview and Level Annotations

Branches:
Dungeon (2/15)

Altars:


Innate Abilities, Weirdness & Mutations

You are immune to sickness and miasma.
You are immune to poison.
Your flesh is very heat resistant. (rF++)
You are vulnerable to cold. (rC-)
You float through the air rather than walking.
You learn spells naturally, not from books.
Your magical power is your life essence.
You have superior vitality. (+4 MHP)


Message History

The hobgoblin hits your white imp.
Your white imp gestures at the hobgoblin.
The puff of frost hits the hobgoblin!
The hobgoblin dies!
You swap places.
Things that are here:
a +0 whip; 2 stones; a kobold corpse A ball python comes into view.
There is an open door, spattered with blood here.
You see here a +0 club.
The ball python hisses angrily.
Found a scroll labelled JEMA ODWOKKUQU.
You see here a yellow potion.
A ball python is nearby!
Your white imp barely misses the ball python.
There is an open door, spattered with blood here.
You see here a +0 club.
Your white imp closely misses the ball python.
You barely miss the ball python. The ball python closely misses you. x2
Your white imp misses the ball python.
You barely miss the ball python. The ball python bites you.
The ball python completely misses you. The ball python misses you.
The ball python barely misses you.
Your white imp gestures at the ball python.
The puff of frost hits the ball python.
You hit the ball python.
You kill the ball python!
You swap places.
You see here a ball python corpse.
m - a yellow potion
n - a bubbling pink potion
o - a scroll labelled JEMA ODWOKKUQU You can't go up here!
There are no items here.
You can't go down here!
Saving game... please wait.
Welcome back, nomadicburrito the Djinni Summoner.
Press ? for a list of commands and other information.
Okay, then.
Are you sure you want to abandon this character and quit the game? (Confirm with "yes".)

##+## ##@..##
#.
##.5...###..
##.......#...
#.........#..
+.........'..
#.........##
##.......##
##.....##
##.†.##


You could see a friendly white imp (summoned).

Vanquished Creatures
  A ball python (D:2)
  2 kobolds
3 creatures vanquished.

Vanquished Creatures (collateral kills)
  Natasha (D:2)
  A worm (D:2)
  A dart slug (D:1)
  4 endoplasms (D:1)
  A giant cockroach (D:2)
  A goblin (D:2)
  4 hobgoblins
  3 jackals (D:2)
  3 ball pythons
  3 bats
  A frilled lizard (D:1)
  3 kobolds
  A rat (D:1)
27 creatures vanquished.

Grand Total: 30 creatures vanquished

Notes
Turn   | Place    | Note
-------+----------+-------------------------------------------
     0 | D:1      | nomadicburrito the Djinni Summoner began the quest for the
                  | Orb.
     0 | D:1      | nomadicburrito set off with the following spells memorised:
                  | Summon Small Mammal, Call Imp, Call Canine Familiar, Summon
                  | Guardian Golem, Summon Lightning Spire.
     0 | D:1      | Reached XP level 1. HP: 15/15 MP: 0/0
    71 | D:1      | Reached XP level 2. HP: 19/21 MP: 0/0
   717 | D:2      | Reached XP level 3. HP: 25/25 MP: 0/0
   717 | D:2      | Learned a level 1 spell: Shock
   905 | D:2      | Noticed Natasha
   918 | D:2      | Killed Natasha
   919 | D:2      | Reached XP level 4. HP: 29/31 MP: 0/0
  1015 | D:2      | Quit the game

Illustrated notes

Levels and vault maps discovered:
D:1:      dpeg_arrival_line_fractal, layout_basic
D:2:      layout_loops_corners, kennysheep_generic_room_9, uniq_natasha,
          uniq_terence

Skill      XL: |  1  2 |
---------------+-------+-----
Stealth        | 2 |  2.3
Dodging        | |  2.9
Spellcasting   | |  3.9

Action                   |  1- 3 |  4- 6 || total
-------------------------+-------+-------++-------
Melee: Unarmed           |    18 |     6 ||    24
 Cast: Summon Small Mamm |    29 |     6 ||    35
       Call Imp          |     6 |     2 ||     8
Armor: Robe              |     5 |       ||     5
Dodge: Dodged            |    27 |     8 ||    35

Table legend: (Time is in decaauts)
 A = Elapsed time spent in this place.
 B = Non-inter-level travel time spent in this place.
 C = Inter-level travel time spent in this place.
 D = Time resting spent in this place.
 E = Time spent auto-exploring this place.
 F = Levels seen in this place.
 G = Mean time per level.
                   A        B        C        D        E       F      G
               +--------+--------+--------+--------+--------+-----+--------+
         Total |   1014 |    995 |     19 |      0 |    323 |   2 |  507.0 |
       Dungeon |   1014 |    995 |     19 |      0 |    323 |   2 |  507.0 |
               +--------+--------+--------+--------+--------+-----+--------+

Top non-repeatable levels by time:
     D:1: 603 daAuts
     D:2: 411 daAuts
